Map: Year Zero LE

Players

TiPtOP - Winner!

  • Race: Terran Terran
  • League: Silver
  • Spawn Location: 11:00

VOD

Have the link to the VOD?

Description

Time

  • Played on: May 13, 2019, 10:20 p.m.
  • Length: 15:03
Show
View Real Time Build Order
Export as new Build Order

TiPtOP Terran - Winner!

Build Orders:  

Get SALT Encoding   

  12  0:01  SCV  
  13  0:18  SCV  
  14  0:27  Supply Depot  
  14  0:35  SCV  
  15  0:54  Refinery  
  15  0:57  SCV  
  16  1:07  Barracks  
  16  1:16  SCV  
  17  1:33  SCV  
  18  1:59  SCV  
  19  2:19  Orbital Command  
  19  2:20  Command Center  
  19  2:31  Barracks Reactor  
  19  2:49  Supply Depot  
  19  3:00  SCV  
  20  3:17  SCV  
  21  3:31  Marine x2  
  21  3:38  Supply Depot  
  23  3:42  Barracks  
  23  3:45  SCV  
  24  3:58  Barracks  
  24  3:59  Marine  
  25  4:00  Marine  
  26  4:11  SCV  
  26  4:13  SCV  
  26  4:16  Supply Depot  
  28  4:28  SCV  
  28  4:30  SCV  
  29  4:31  Marine x2  
  32  4:55  Factory  
  32  5:01  Marine x2  
  32  5:05  Barracks Tech Lab  
  34  5:10  SCV  
  34  5:11  SCV  
  36  5:24  Barracks Reactor  
  36  5:26  Marine  
  36  5:27  SCV, Marine  
  39  5:43  Supply Depot  
  39  5:53  Marine x2  
  39  5:56  SCV  
  42  6:01  Refinery  
  42  6:06  Starport  
  42  6:08  Factory Reactor  
  42  6:13  SCV  
  42  6:14  Marine  
  42  6:15  Marine, Supply Depot  
  42  6:16  Stimpack  
  42  6:19  Marine  
  46  6:21  Marine x2  
  46  6:27  Orbital Command  
  48  6:30  SCV  
  49  6:43  Marine x2  
  49  6:46  Supply Depot  
  49  6:48  SCV  
  52  6:54  Marine x3  
  55  7:05  SCV  
  56  7:27  Factory Tech Lab  
  56  7:32  Engineering Bay  
  56  7:49  Marine x4  
  60  7:50  Marine  
  60  7:52  Medivac x2  
  60  7:53  Supply Depot  
  65  8:02  Siege Tank  
  68  8:14  Marine x3  
  68  8:17  SCV x2  
  73  8:25  Refinery  
  72  8:34  SCV x2  
  70  8:40  Marine x5  
  72  8:58  SCV x2  
  73  9:08  Marine, Supply Depot  
  73  9:09  Marine x4  
  78  9:15  SCV x2  
  80  9:26  Terran Infantry Weapons Level 1  
  80  9:29  Unknown  
  80  9:31  Siege Tank  
  80  9:32  SCV  
  80  9:33  Marine x2  
  80  9:34  Marine x3  
  59  9:40  Medivac  
  91  9:58  Marine x2  
  93  10:08  Supply Depot  
  93  10:12  Supply Depot  
  93  10:15  Supply Depot  
  93  10:27  Siege Tank  
  99  10:35  Siege Tank  
  99  10:41  Supply Depot  
  99  10:47  Marine x2  
  99  10:48  Marine x2  
  107  10:54  Marauder  
  107  11:29  Unknown  
  107  11:40  Marine x2  
  107  11:41  Marine, Marauder  
  107  11:42  Marine  
  107  11:45  Unknown  
  113  11:56  Siege Tank  
  113  11:57  Siege Tank x2  
  113  12:04  Siege Tank  
  113  12:05  Marine x2  
  113  12:06  Marine  
  113  12:07  Marine  
  123  12:11  Marauder  
  125  12:20  Siege Tank x3  
  125  12:30  Marine  
  124  12:49  Siege Tank  
  125  12:53  Siege Tank  
  125  12:56  Siege Tank  
  124  13:01  Siege Tank  
  124  13:08  Unknown  
  124  13:20  Siege Tank  
  124  13:22  Siege Tank  
  124  13:25  Siege Tank  
  124  13:55  Siege Tank x3  
Tags
 
Add a new tag
Caveats
  • Supply blocks, unpowered buildings, or Contaminate may cause inaccurate times.
  • Supply counts are checked every 10 seconds.